 Dungeon Crawl Stone Soup version 0.27-a0-54-g64bdb92e38 (webtiles) character file.

Game seed: 11835288506644627422

275 Borgoz the Skirmisher (level 6, 0/38 HPs)
             Began as a Gargoyle Berserker on Jan 7, 2021.
             Was a Priest of Trog.
             Engulfed by a cloud of flame (11 damage)
             ... on level 3 of the Dungeon.
             The game lasted 00:05:25 (3173 turns).

Borgoz the Skirmisher (Gargoyle Berserker)          Turns: 3173, Time: 00:05:26

Health: 0/38       AC: 12    Str: 21    XL:     6   Next: 24%
Magic:  6/6        EV: 12    Int:  7    God:    Trog [***...]
Gold:   238        SH:  0    Dex: 17    Spells: 5/5 levels left

rFire    . . .     SeeInvis .   a - +1 falchion
rCold    . . .     Faith    .   (no shield)
rNeg     + . .     Spirit   .   o - +0 scale mail
rPois    ∞         Reflect  .   p - +0 helmet
rElec    +         Harm     .   (no cloak)
rCorr    .         Rampage  .   (no gloves)
Will     .....                  (no boots)
Stlth    ..........             (no amulet)
HPRegen  0.12/turn              l - +6 ring of dexterity
MPRegen  0.10/turn              (no ring)

@: no status effects
A: negative energy resistance 1, electricity resistance, unbreathing,
petrification resistance, miasma immunity, AC +4
a: Renounce Religion, Berserk, Trog's Hand


You were on level 3 of the Dungeon.
You worshipped Trog.
Trog was most pleased with you.
You visited 1 branch of the dungeon, and saw 3 of its levels.

You collected 238 gold pieces.

Inventory:

Hand Weapons
 a - a +1 falchion (weapon)
Armour
 o - a +0 scale mail (worn)
 p - a +0 helmet (worn)
Jewellery
 l - a +6 ring of dexterity (left hand)
Wands
 i - a wand of iceblast (10)
Scrolls
 c - a scroll of enchant weapon
 e - 5 scrolls of teleportation
 h - a scroll of remove curse
 n - a scroll of enchant armour
Potions
 b - 2 potions of flight {unknown}
 d - a potion of heal wounds
 f - a potion of degeneration {unknown}
 g - a potion of resistance {unknown}
 k - a potion of berserk rage {unknown}


   Skills:
 + Level 4.2 Fighting
 * Level 4.1 Long Blades
 + Level 3.3 Armour
 * Level 3.3 Dodging


You had 5 spell levels left.
You didn't know any spells.
Your spell library was empty.

Dungeon Overview and Level Annotations

Branches:
Dungeon (3/15)

Altars:
Yredelemnul


Innate Abilities, Weirdness & Mutations

You are resistant to torment.
Your stone body is resilient. (AC +4)
You are immune to poison.
You resist negative energy. (rN+)
You are resistant to electric shocks. (rElec)
You can survive without breathing.
You are immune to petrification.
You are immune to miasma.


Message History

You now have 228 gold pieces (gained 10).
You now have 238 gold pieces (gained 10).
Okay, then.
You start resting.
HP restored.
Okay, then.
Really walk into a travel-excluded area?
Really walk into that cloud of flame?
You are engulfed in blazing flames.
Really walk into that cloud of flame? [Y]es or [N]o only, please.
Really walk into that cloud of flame? [Y]es or [N]o only, please.
Really walk into that cloud of flame? [Y]es or [N]o only, please.
Really walk into that cloud of flame?
You are engulfed in blazing flames.
* * * LOW HITPOINT WARNING * * *
You are engulfed in blazing flames.
You die...

............)........##########..
...........##....................
...........##....................
...........##....................
###........##....(...............
# #....######................)...
# #....# #.................... #
#....#### ###...#############.. #
#.......# #§@○# #.. # #######.#
#○§☼# #.. # #.# #§☼°# #..
#.#####...###### ###
#..§☼°.....§☼☼.# #..§°☼.....☼§☼.#
##.○○°.....§.°.# ######...######
#§☼○#


There were no monsters in sight!

Vanquished Creatures
  2 orc priests (D:3)
  An orc wizard (D:3)
  A worker ant (D:3)
  Terence (D:3)
  Robin (D:3)
  An adder (D:3)
  A shadow imp (D:2)
  3 oozes
  A worm (D:2)
  5 dart slugs
  2 leopard geckos (D:1)
  4 orcs (D:3)
  4 giant cockroaches
  14 goblins
  12 hobgoblins
  4 jackals
  10 kobolds
  8 bats
  7 frilled lizards
  6 rats
88 creatures vanquished.

Notes
Turn   | Place    | Note
-------+----------+-------------------------------------------
     0 | D:1      | Borgoz the Gargoyle Berserker began the quest for the Orb.
     0 | D:1      | Reached XP level 1. HP: 14/14 MP: 1/1
   118 | D:1      | Reached XP level 2. HP: 17/19 MP: 2/2
   481 | D:1      | Reached XP level 3. HP: 22/23 MP: 3/3
  1067 | D:2      | Reached ** piety under Trog
  1296 | D:2      | Reached XP level 4. HP: 29/29 MP: 4/4
  1623 | D:2      | Found a basalt altar of Yredelemnul.
  1905 | D:3      | Reached XP level 5. HP: 29/33 MP: 5/5
  2368 | D:3      | Reached XP level 6. HP: 25/38 MP: 6/6
  2539 | D:3      | Noticed Robin
  2540 | D:3      | Noticed Terence
  2548 | D:3      | Reached *** piety under Trog
  2576 | D:3      | Killed Robin
  2590 | D:3      | Killed Terence
  3173 | D:3      | Engulfed by a cloud of flame

Illustrated notes

Levels and vault maps discovered:
D:1:      erik_arrival_orb_chamber, layout_basic, minmay_stone_trees_small,
          hangedman_feature_mirror, amcnicky_mini_rare_corridor_liquid
D:2:      layout_basic, marbit_many_paths
D:3:      layout_basic, lemuel_flame_loot_1, uniq_robin, uniq_terence

Skill      XL: |  1  2  3  4  5 |
---------------+----------------+-----
Long Blades    | 3 4 |  4.1
Dodging        | 2 3 |  3.3
Fighting       | 4 |  4.2
Armour         | 3 |  3.3

Action                   |  1- 3 |  4- 6 || total
-------------------------+-------+-------++-------
Melee: Falchion          |    89 |   160 ||   249
Invok: Berserk           |     1 |       ||     1
  Use: Scroll            |     7 |     5 ||    12
       Potion            |       |     2 ||     2
Armor: Animal skin       |    22 |       ||    22
       Ring mail         |    25 |   119 ||   144
Dodge: Dodged            |    77 |   160 ||   237
       Rpst.: Falchion   |    30 |    46 ||    76

Table legend: (Time is in decaauts)
 A = Elapsed time spent in this place.
 B = Non-inter-level travel time spent in this place.
 C = Inter-level travel time spent in this place.
 D = Time resting spent in this place.
 E = Time spent auto-exploring this place.
 F = Levels seen in this place.
 G = Mean time per level.
                   A        B        C        D        E       F      G
               +--------+--------+--------+--------+--------+-----+--------+
         Total |   3214 |   3182 |     32 |    562 |   2022 |   3 | 1071.3 |
       Dungeon |   3214 |   3182 |     32 |    562 |   2022 |   3 | 1071.3 |
               +--------+--------+--------+--------+--------+-----+--------+

Top non-repeatable levels by time:
     D:3: 1395 daAuts
     D:1: 1074 daAuts
     D:2: 743 daAuts
